 Dungeon Crawl Stone Soup version 0.24-a0-11-g46ee55f (webtiles) character file.

Game seed: 394350012766422194

25 Firecrotchwizard the Skirmisher (level 3, -3/40 HPs)
             Began as an Ogre Fighter on Jan 31, 2019.
             Slain by a gnoll
             ... wielding a +2 spear of venom
              (7 damage)
             ... on level 2 of the Dungeon.
             The game lasted 00:02:01 (1040 turns).

Firecrotchwizard the Skirmisher (Ogre Fighter)      Turns: 1040, Time: 00:02:02

Health: -3/40      AC:  3    Str: 20    XL:     3   Next: 4%
Magic:  3/3        EV:  8    Int:  9    God:
Gold:   68         SH:  8    Dex:  9    Spells: 2/2 levels left

rFire    . . .     SeeInvis .   a - +0 trident
rCold    . . .     Gourm    .   c - +0 shield
rNeg     . . .     Faith    .   b - +0 robe
rPois    .         Spirit   .   (helmet restricted)
rElec    .         Reflect  .   (no cloak)
rCorr    .         Harm     .   (gloves unavailable)
MR       .....                  (boots unavailable)
Stlth    +.........             (no amulet)
HPRegen  0.13/turn              (no ring)
MPRegen  0.08/turn              (no ring)

@: lethally poisoned (-3 -> -28)
A: large, unfitting armour, tough skin 1
a: no special abilities


You were on level 2 of the Dungeon.
You were hungry.

You visited 1 branch of the dungeon, and saw 2 of its levels.

You collected 68 gold pieces.

Inventory:

Hand Weapons
 a - a +0 trident (weapon)
 k - a +0 hunting sling
   (You found it on level 2 of the Dungeon)
Armour
 b - a +0 robe (worn)
 c - a +0 shield (worn)
Scrolls
 e - 2 scrolls of teleportation {unknown}
 i - 2 scrolls of fear {unknown}
 j - a scroll of immolation {unknown}
Potions
 d - a potion of might
 g - a potion of agility {unknown}
Comestibles
 f - 2 rations
 h - 2 chunks of flesh {@w0}


   Skills:
 + Level 4.5 Fighting
 + Level 2.5 Polearms
 - Level 2.6 Dodging
 + Level 3.1 Shields


You had 2 spell levels left.
You didn't know any spells.
Your spell library was empty.

Dungeon Overview and Level Annotations

Branches:
Dungeon (2/15)

Altars:


Innate Abilities, Weirdness & Mutations

You are too large for most types of armour.
You have tough skin. (AC +1)


Message History

(D) Dungeon
Where to? (? - help)
There is a stone staircase leading down here.
You climb downwards.
There is a stone staircase leading up here.
You see here a hunting sling.
Some of the chunks of flesh in your inventory have rotted away.
Found a stone staircase leading down.
i - 2 scrolls labeled CYARAHOUTZ (gained 1)
You now have 68 gold pieces (gained 7).
You see here a hunting sling.
k - a hunting sling
There is a stone staircase leading up here.
Search for what [Enter for "arm", or ? for help]? bull Can't find anything matching that.
There is a stone staircase leading up here.
A ball python comes into view.
The ball python hisses angrily.
You hear a shout!
A bat comes into view.
You completely miss the ball python. The ball python misses you.
A gnoll comes into view. It is wielding a +2 spear of venom.
You hit the ball python. You block the ball python's attack.
The ball python bites you.
You take 1 damage, and have 32/33 hp.
You hit the ball python.
You kill the ball python!
You have reached level 3!
Your experience leads to an increase in your attributes!
Increase (S)trength, (I)ntelligence, or (D)exterity?
You feel agile.
You feel stronger. The bat closely misses you.
You regained 7 hp, and now have 39/40 hp.
MP restored: 3 The bat hits you.
You take 1 damage, and have 38/40 hp.
The bat barely misses you. The bat hits you but does no damage.
You block the bat's attack. You block the bat's attack.
The bat hits you but does no damage.
You closely miss the bat. You block the bat's attack.
The bat barely misses you.
Some of the chunks of flesh in your inventory have rotted away.
You miss the bat. You block the bat's attack.
The bat hits you but does no damage. The gnoll barely misses you.
You hit the bat. You block the bat's attack.
The bat hits you but does no damage. The bat closely misses you.
You block the gnoll's attack.
You closely miss the bat. You block the bat's attack.
The gnoll hits you from afar with a +2 spear of venom!
You are poisoned.
The gnoll hits you from afar with a +2 spear of venom.
You take 14 damage, and have 25/40 hp.
MASSIVE DAMAGE!!
You feel sick.
You take 1 damage, and have 24/40 hp.
Attack whom?
Aim: a bat (moderately wounded)
You reach to attack!
You hit the bat.
You kill the bat!
You feel sick.
You take 1 damage, and have 23/40 hp.
Attack whom?
Aim: a gnoll, wielding a +2 spear of venom You reach to attack!
You hit the gnoll.
The gnoll hits you from afar with a +2 spear of venom!
You are lethally poisoned!
You take 9 damage, and have 14/40 hp.
MASSIVE DAMAGE!!
Attack whom?
Aim: a gnoll, wielding a +2 spear of venom You reach to attack!
You hit the gnoll.
You are feeling hungry.
* * * LOW HITPOINT WARNING * * *
You feel very sick. You block the gnoll's attack.
You take 3 damage, and have 11/40 hp.
Attack whom?
Aim: a gnoll, wielding a +2 spear of venom (moderately wounded)
You reach to attack!
You puncture the gnoll!
* * * LOW HITPOINT WARNING * * *
You feel sick. The gnoll barely misses you.
A bat comes into view.
You take 2 damage, and have 9/40 hp.
Attack whom?
Aim: a gnoll, wielding a +2 spear of venom (severely wounded)
You reach to attack!
You barely miss the gnoll.
* * * LOW HITPOINT WARNING * * *
You feel sick.
The gnoll hits you from afar with a +2 spear of venom.
* * * LOW HITPOINT WARNING * * *
You are more poisoned.
The gnoll closely misses you.
You take 3 damage, and have 6/40 hp.
Attack whom?
Aim: a gnoll, wielding a +2 spear of venom (severely wounded)
You reach to attack!
You hit the gnoll but do no damage.
* * * LOW HITPOINT WARNING * * *
You feel sick.
The gnoll hits you from afar with a +2 spear of venom!
You die...

#..........
#.####..........
###...............
....##...........
#...##...........
#...##...........
#...#.........###
#####...###.......#
........@.g.b........
#######..#####+##.....
................ .....
................ ....
.########...####.#
#### .............###
.#######.........
#.#.#.###. #.#.#..#


You could see a gnoll and a bat.

Vanquished Creatures
  A leopard gecko (D:1)
  3 hobgoblins (D:1)
  6 kobolds (D:1)
  A ball python (D:2)
  6 bats
  5 frilled lizards (D:1)
  4 rats (D:1)
26 creatures vanquished.

Notes
Turn   | Place    | Note
-------+----------+-------------------------------------------
     0 | D:1      | Firecrotchwizard the Ogre Fighter began the quest for the
                  | Orb.
     0 | D:1      | Reached XP level 1. HP: 24/24 MP: 1/1
   103 | D:1      | Reached XP level 2. HP: 21/32 MP: 2/2
   554 | D:1      | Reached skill level 3 in Shields
  1023 | D:2      | Reached XP level 3. HP: 39/40 MP: 3/3
  1038 | D:2      | HP: 9/40 [poisoned by a gnoll]
  1040 | D:2      | HP: 4/40 [poisoned by a gnoll]
  1040 | D:2      | Slain by a gnoll

Vault maps used:
D:1:      dpeg_arrival_water_temple_mockup, minmay_stone_trees_large,
          corexii_leaking_fountain, minmay_tall_x
D:2:      minmay_vboxes

Skill      XL: |  1  2 |
---------------+-------+-----
Shields        | 3 |  3.1
Fighting       | |  4.5
Polearms       | |  2.5
Dodging        | |  2.6

Action                   || total
-------------------------++-------
Melee: Trident           ||    80
Armor: Robe              ||    34
Dodge: Dodged            ||    32
Block: Shield            ||    34

Table legend:
 A = Non-vault XP
 B = Vault XP
 C = Vault XP percentage of total XP
 D = Non-vault monster count
 E = Vault monster count
 F = Vault count percentage of total count
                 A         B        C        D         E       F
            +---------+---------+-------+---------+---------+-------
      Total |      31 |       5 |  13.9 |      22 |       4 |  15.4
            +---------+---------+-------+---------+---------+-------
        D:1 |      28 |       5 |  15.2 |      20 |       4 |  16.7
        D:2 |       3 |       0 |   0.0 |       2 |       0 |   0.0
            +---------+---------+-------+---------+---------+-------

Vault maps used:
D:1:      dpeg_arrival_water_temple_mockup, minmay_stone_trees_large,
          corexii_leaking_fountain, minmay_tall_x
D:2:      minmay_vboxes

Table legend:
 A = Turns spent in this place as a percentage of turns spent in the entire game.
 B = Non-inter-level travel turns spent in this place as a percentage of non-inter-level travel turns spent in the entire game.
 C = Inter-level travel turns spent in this place as a percentage of turns spent in this place.
 D = Turns resting spent in this place as a percentage of non-inter-level travel turns spent in this place.
 E = Turns spent auto-exploring this place as a percentage of non-inter-level travel turns spent in this place.
 F = Non-inter-level travel turns spent in this place divided by the number of levels of this place that you've seen.
                   A       B       C       D       E      F
               +-------+-------+-------+-------+-------+----------------------
         Total | 100.0 | 100.0 |   1.7 |  20.8 |  60.5 | 511.0
       Dungeon | 100.0 | 100.0 |   1.7 |  20.8 |  60.5 | 511.0
               +-------+-------+-------+-------+-------+----------------------

Table legend:
 A = Kills in this place as a percentage of kills in entire the game.
 B = Kills by you in this place as a percentage of kills by you in the entire game.
 C = Kills by friends in this place as a percentage of kills by friends in the entire game.
 D = Other kills in this place as a percentage of other kills in the entire game.
 E = Experience gained in this place as a percentage of experience gained in the entire game.
 F = Experience gained in this place divided by the number of levels of this place that you have seen.
                   A       B       C       D       E      F
               +-------+-------+-------+-------+-------+----------------------
         Total | 100.0 | 100.0 |   N/A |   N/A | 100.0 |  18.0
       Dungeon | 100.0 | 100.0 |   N/A |   N/A | 100.0 |  18.0
               +-------+-------+-------+-------+-------+----------------------
